 Dungeon Crawl Stone Soup version 0.32-a0-672-gff75c0dad8 (webtiles) character file.

Game seed: 9276594492587774725

232 Ank the Shooter (level 5, 0/42 HPs)
             Began as a Demonspawn Hunter on Mar 10, 2024.
             Incinerated by a bombardier beetle (4 damage)
             ... with a burning spray
             ... on level 4 of the Dungeon.
             The game lasted 00:11:05 (2638 turns).

Ank the Shooter (Demonspawn Hunter)                 Turns: 2638, Time: 00:11:05

Health: 0/42       AC:  9    Str: 11    XL:     5   Next: 73%
Magic:  5/5        EV:  7    Int: 10    God:
Gold:   201        SH:  0    Dex: 18    Spells: 4/4 levels left

rFire   . . .        a - +0 shortbow
rCold   . . .        (shield currently unavailable)
rNeg    . . .        g - +0 chain mail
rPois   +            v - +0 helmet
rElec   .            (no cloak)
rCorr   +            (no gloves)
SInv    .            (no boots)
Will    .....        (no amulet) Stlth
                     d - ring of poison resistance
HPRegen 0.27/turn    j - ring of resist corrosion
MPRegen 0.09/turn

%: no passive effects
@: on fire, glowing
A: demonic guardian 2, sturdy frame 1, condensation shield
a: no special abilities


You were on level 4 of the Dungeon.
You visited 1 branch of the dungeon, and saw 5 of its levels.

You collected 201 gold pieces.

Inventory:

Hand Weapons
 a - a +0 shortbow (weapon)
Armour
 c - a +0 leather armour
 g - a +0 chain mail (worn)
 v - a +0 helmet (worn)
Jewellery
 d - a ring of poison resistance (left hand)
 j - a ring of resist corrosion (right hand)
 t - a ring of protection from fire
Scrolls
 b - a scroll of butterflies
 e - 2 scrolls of identify {unknown}
 f - a scroll of noise {unknown}
 h - a scroll of brand weapon {unknown}
 i - a scroll of fear {unknown}
 l - a scroll of blinking {unknown}
 m - a scroll of fog {unknown}
 n - a scroll of torment {unknown}
 p - 2 scrolls of vulnerability {unknown}
 q - a scroll of summoning {unknown}
 r - a scroll of enchant armour {unknown}
 s - 2 scrolls of teleportation {unknown}
Potions
 k - a potion of heal wounds {unknown}
 o - a potion of lignification {unknown}
 u - a potion of invisibility {unknown}


   Skills:
 + Level 3.8 Fighting
 * Level 5.6 Ranged Weapons
 - Level 1.7 Dodging
 - Level 0.8 Stealth


You had 4 spell levels left.
You didn't know any spells.
Your spell library contained the following spells:

 Spells                   Type           Power      Damage    Failure   Level
 Apportation              Tloc           0%         N/A       99%         1
 Sandblast                Erth           0%         2d4       99%         1
 Blink                    Tloc           0%         N/A       100%        2
 Jinxbite                 Hex            0%         N/A       100%        2
 Lesser Beckoning         Tloc           0%         N/A       100%        2
 Momentum Strike          Conj/Tloc      0%         3d8       100%        2
 Sublimation of Blood     Necr           0%         N/A       100%        2
 Passwall                 Erth           0%         N/A       100%        3
 Stone Arrow              Conj/Erth      0%         3d7       100%        3
 Brom's Barrelling Bould  Conj/Erth      0%         2d3       100%        4
 Petrify                  Alch/Erth      0%         N/A       100%        4
 Alistair's Intoxication  Alch           0%         N/A       100%        5
 Irradiate                Conj/Alch      0%         3d11      100%        5


Dungeon Overview and Level Annotations

Branches:
Dungeon (5/15)
 Temple: D:4-7

Altars:
Makhleb
Uskayaw
Yredelemnul

Shops:
D:3 !


Innate Abilities, Weirdness & Mutations

A demonic guardian rushes to your aid.
Your movements are slightly less encumbered by armour. (ER -2)
A meltable shield of frost defends you. (SH +0)


Message History

The bombardier beetle bites you but does no damage.
Fire: a) +0 shortbow
Press: ? - help, Q - select action Shift-Dir - straight line, f/p - bombardier beetle
Aim: a bombardier beetle (almost dead, 74% to hit)
You shoot an arrow. The arrow hits the bombardier beetle.
The bombardier beetle is almost dead.
The liquid fire burns you!
The bombardier beetle bites you but does no damage.
Fire: a) +0 shortbow
Press: ? - help, Q - select action Shift-Dir - straight line, f/p - bombardier beetle
Aim: a bombardier beetle (almost dead, 74% to hit)
You shoot an arrow. The arrow hits the bombardier beetle.
The bombardier beetle is almost dead.
The liquid fire burns you!
The bombardier beetle sprays incendiary fluid at you.
The burning spray hits you.
You are even more covered in liquid fire!
Fire: a) +0 shortbow
Press: ? - help, Q - select action Shift-Dir - straight line, f/p - bombardier beetle
Aim: a bombardier beetle (almost dead, 74% to hit)
You shoot an arrow.
The arrow hits the bombardier beetle but does no damage.
The bombardier beetle is almost dead.
The liquid fire burns you!
* * * LOW HITPOINT WARNING * * *
The bombardier beetle bites you but does no damage.
Fire: a) +0 shortbow
Press: ? - help, Q - select action Shift-Dir - straight line, f/p - bombardier beetle
Aim: a bombardier beetle (almost dead, 74% to hit)
You shoot an arrow. The arrow hits the bombardier beetle.
You kill the bombardier beetle!
The liquid fire burns you!
* * * LOW HITPOINT WARNING * * *
A demonic guardian appears!
You shake off some of the fire as you move.
The liquid fire burns you!
* * * LOW HITPOINT WARNING * * *
You shake off some of the fire as you move.
The liquid fire burns you!
You die...

.#........###).##
.........###.)))#
..........##...##
..........###...##
..........###..).##
...........####.).##
.......#...........#
K.....##.........########
#....###........@####...#
##...##............4....#
#.......................#
####..............†....##
##.............)...##
#...........#....##
###>...##........)##
..#..........###.#...
...........### #.##...


You could see a friendly hellwing (summoned).

Vanquished Creatures
  2 bombardier beetles
  Robin (D:4)
  2 adders (D:2)
  3 gnolls
  3 dart slugs (D:1)
  3 ribbon worms
  2 orcs
  4 endoplasms
  5 giant cockroaches
  11 goblins
  6 hobgoblins
  2 jackals (D:3)
  3 quokkas (D:2)
  7 ball pythons
  4 bats
  2 frilled lizards
  6 kobolds
  5 rats
71 creatures vanquished.

Vanquished Creatures (collateral kills)
  2 adders (D:2)
  A ribbon worm (D:2)
3 creatures vanquished.

Grand Total: 74 creatures vanquished

Notes
Turn   | Place    | Note
-------+----------+-------------------------------------------
     0 | D:1      | Ank the Demonspawn Hunter began the quest for the Orb.
     0 | D:1      | Reached XP level 1. HP: 16/16 MP: 1/1
   297 | D:1      | Gained mutation: A weak demonic guardian rushes to your
                  | aid. [demonic ancestry]
   297 | D:1      | Reached XP level 2. HP: 22/22 MP: 2/2
   363 | D:1      | Reached skill level 4 in Ranged Weapons
   810 | D:2      | Gained mutation: A meltable shield of frost defends you.
                  | (SH +0) [demonic ancestry]
   810 | D:2      | Reached XP level 3. HP: 21/28 MP: 3/3
   995 | D:2      | HP: 1/28 [ribbon worm (4)]
  1384 | D:2      | Gained mutation: A demonic guardian rushes to your aid.
                  | [demonic ancestry]
  1384 | D:2      | Reached XP level 4. HP: 15/35 MP: 4/4
  1525 | D:2      | Found a burning altar of Makhleb.
  1912 | D:3      | Reached skill level 5 in Ranged Weapons
  2023 | D:3      | Found Qypra's Distillery.
  2065 | D:2      | Gained mutation: Your movements are slightly less
                  | encumbered by armour. (ER -2) [demonic ancestry]
  2065 | D:2      | Reached XP level 5. HP: 28/41 MP: 5/5
  2152 | D:3      | Found a faded altar of an unknown god.
  2184 | D:3      | Found a basalt altar of Yredelemnul.
  2191 | D:3      | Found a hide-covered altar of Uskayaw.
  2382 | D:3      | You fall into a shaft and drop 2 floors!
  2382 | D:5      | Entered Level 5 of the Dungeon
  2572 | D:4      | Noticed Robin
  2579 | D:4      | Killed Robin
  2638 | D:4      | Incinerated by a bombardier beetle

Illustrated notes

Levels and vault maps discovered:
D:1:      minmay_arrival_wavy_path, layout_basic
D:2:      layout_basic, basic_altar
D:3:      layout_basic, old_standard_altar, grunt_temple_overflow_open,
          hellmonk_ecumenical_altar_slurped_away, serial_shops, shop,
          minmay_misc_feat_ornament, minmay_starry_boxes
D:4:      gammafunk_wand_slinger, layout_cave_pools,
          nicolae_overflow_hidden_temple, minmay_temple_entry_statues_pillars,
          uniq_robin
D:5:      layout_basic, uniq_duvessa

Skill      XL: |  1  2  3  4 |
---------------+-------------+-----
Ranged Weapons | 4 5 |  5.6
Fighting       | 3 |  3.8
Dodging        | |  1.7
Stealth        | |  0.8

Action                     |  1- 3 |  4- 6 || total
---------------------------+-------+-------++-------
   Fire: Shortbow          |   117 |   128 ||   245
 Armour: Leather armour    |     5 |       ||     5
         Chain mail        |    82 |    99 ||   181
  Dodge: Dodged            |    22 |    41 ||    63
  Block: Other             |    10 |    19 ||    29

Table legend: (Time is in decaauts)
 A = Elapsed time spent in this place.
 B = Non-inter-level travel time spent in this place.
 C = Inter-level travel time spent in this place.
 D = Time resting spent in this place.
 E = Time spent auto-exploring this place.
 F = Levels seen in this place.
 G = Mean time per level.
                   A        B        C        D        E       F      G
               +--------+--------+--------+--------+--------+-----+--------+
         Total |   2793 |   2685 |    108 |    407 |   1587 |   5 |  558.6 |
       Dungeon |   2793 |   2685 |    108 |    407 |   1587 |   5 |  558.6 |
               +--------+--------+--------+--------+--------+-----+--------+

Top non-repeatable levels by time:
     D:2: 1409 daAuts
     D:1: 771 daAuts
     D:3: 326 daAuts
     D:4: 281 daAuts
     D:5: 3 daAuts
